 Dungeon Crawl Stone Soup version 0.30-a0-34-gbe8da3892a (webtiles) character file.

Game seed: 18262420102382660506

2418 ytrimaz the Changer (level 9, -3/53 HPs)
             Began as an Octopode Transmuter on Aug 28, 2022.
             Killed from afar by an electric eel (10 damage)
             ... with a bolt of electricity
             ... on level 8 of the Dungeon.
             The game lasted 00:17:20 (10071 turns).

ytrimaz the Changer (Octopode Transmuter)          Turns: 10071, Time: 00:17:21

Health: -3/53      AC:  3    Str:  7    XL:     9   Next: 48%
Magic:  19/19      EV: 13    Int: 24    God:
Gold:   475        SH:  0    Dex: 13    Spells: 13/22 levels left

rFire   . . .      SeeInvis .      - Unarmed
rCold   . . .      Faith    .    (no shield)
rNeg    . . .      Spirit   .    (helmet restricted)
rPois   .          Reflect  .    f - amulet "Widej" {Will+++ Regen+ Str-2 Int+5}
rElec   .          Harm     .    t - +4 ring of slaying
rCorr   .          Rampage  .    (no ring)
Will    ++++.                    (no ring)
Stlth   ++........               (no ring)
HPRegen 0.97/turn                (no ring)
MPRegen 0.16/turn                (no ring)
                                 (no ring)
                                 (no ring)

@: no status effects
A: almost no armour, amphibious, 8 rings, camouflage 1, gelatinous body 1,
(nimble swimmer 1), tentacles, iridescent scales 1, strong-willed 1
a: no special abilities


You were on level 8 of the Dungeon.
You visited 2 branches of the dungeon, and saw 9 of its levels.
You also visited: Ossuary.

You collected 475 gold pieces.

Inventory:

Missiles
 o - 3 throwing nets
Jewellery
 f - the amulet "Widej" (around mantle) {Will+++ Regen+ Str-2 Int+5}
   (You took it off a gnoll on level 4 of the Dungeon)

   [amulet of regeneration]

   Str:       It affects your strength (-2).
   Int:       It affects your intelligence (+5).
   Regen:     It increases your rate of health regeneration.
   Will:      It greatly increases your willpower.
 t - a +4 ring of slaying (left tentacle)
Wands
 e - a wand of polymorph (10)
 g - a wand of roots (12)
 r - a wand of charming (4)
Scrolls
 h - 2 scrolls of enchant armour
 l - a scroll of magic mapping
 n - a scroll of blinking
 u - 2 scrolls of amnesia
 v - 2 scrolls of teleportation {unknown}
Potions
 a - 4 potions of lignification
 b - 6 potions of curing
 c - 3 potions of ambrosia
 d - 2 potions of magic
 i - 2 potions of cancellation
 j - 2 potions of haste
 k - a potion of resistance {unknown}
 m - a potion of mutation
 p - 3 potions of brilliance
 q - a potion of flight {unknown}
 s - 3 potions of might {unknown}


   Skills:
 - Level 1.0 Fighting
 - Level 2.0 Dodging
 - Level 4.4 Unarmed Combat
 + Level 7.2 Spellcasting
 + Level 7.8 Transmutations
 - Level 4.0 Ice Magic
 - Level 4.0 Poison Magic


You had 13 spell levels left.
You knew the following spells:

 Your Spells              Type           Power      Damage    Failure   Level
a - Ice Form              Ice/Tmut       36%        N/A       6%          4
b - Wereblood             Tmut           46%        N/A       1%          2
c - Spider Form           Tmut/Pois      36%        N/A       1%          3

Your spell library contained the following spells:

 Spells                   Type           Power      Damage    Failure   Level
 Beastly Appendage        Tmut           92%        N/A       1%          1
 Static Discharge         Conj/Air       16%        3-4/arc   11%         2
 Sublimation of Blood     Necr           8%         N/A       11%         2
 Alistair's Intoxication  Tmut/Pois      24%        N/A       17%         5
 Call Canine Familiar     Summ           8%         N/A       22%         3
 Gell's Gravitas          Tloc           8%         N/A       22%         3
 Lesser Beckoning         Tloc           8%         N/A       22%         3
 Portal Projectile        Hex/Tloc       16%        N/A       22%         3
 Summon Guardian Golem    Hex/Summ       8%         N/A       22%         3
 Teleport Other           Tloc           8%         N/A       22%         3
 Dispel Undead            Necr           8%         3d8       56%         4
 Leda's Liquefaction      Hex/Erth       4%         N/A       56%         4
 Passage of Golubria      Tloc           8%         N/A       56%         4
 Sticky Flame             Conj/Fire      8%         2d3       56%         4
 Summon Lightning Spire   Summ/Air       8%         N/A       56%         4
 Eringya's Noxious Bog    Tmut/Pois      18%        N/A       67%         6
 Borgnjor's Vile Clutch   Necr/Erth      4%         N/A       89%         5
 Silence                  Hex/Air        4%         N/A       89%         5
 Summon Hydra             Summ           4%         N/A       100%        7
 Lehudib's Crystal Spear  Conj/Erth      4%         10d3      100%        8


Dungeon Overview and Level Annotations

Branches:
Dungeon (8/15)             Temple (1/1) D:7            Lair (0/5) D:8
Ossuary (visited)

Altars:
Cheibriados
Dithmenos
Elyvilon
Fedhas
Gozag
Hepliaklqana
Kikubaaqudgha
Makhleb
Nemelex Xobeh
Okawaru
Qazlal
Ru
Sif Muna
Trog
Uskayaw
Vehumet
Wu Jian
Xom
Yredelemnul
Zin
The Shining One

Shops:
D:1 =

Annotations:
D:3 1 transporter, pigah's ghost, amateur OpAE
D:6 1 runed translucent door, Crazy Yiuf; Maggie


Innate Abilities, Weirdness & Mutations

You cannot wear most types of armour.
You are amphibious.
You can wear up to eight rings at the same time.
Your skin changes colour to match your surroundings (Stealth+).
Your rubbery body absorbs attacks. (AC +1, EV +1)
((You are camouflaged when in or above water. (Stealth+)))
You have tentacles for arms and can constrict up to eight enemies at once.
You are partially covered in iridescent scales. (AC +2)
You are strong-willed. (Will+)


Message History

The electric eel shoots out a bolt of lightning at you!
The bolt of electricity hits you!
The electric eel shoots out a bolt of lightning at you!
The bolt of electricity hits you!
The electric eel shoots out a bolt of lightning at you!
The bolt of electricity hits you!
You see here a +0 troll leather armour.
The electric eel shoots out a bolt of lightning at you!
The bolt of electricity hits you!
* * * LOW HITPOINT WARNING * * *
The electric eel shoots out a bolt of lightning at you!
The bolt of electricity misses you.
The electric eel shoots out a bolt of lightning at you!
The bolt of electricity hits you!
* * * LOW HITPOINT WARNING * * *
You start resting.
HP restored.
You see here a +0 troll leather armour.
You start waiting.
An electric eel is nearby!
The electric eel shoots out a bolt of lightning at you!
The bolt of electricity hits you.
There are no items here.
The electric eel shoots out a bolt of lightning at you!
The bolt of electricity hits you!
The electric eel shoots out a bolt of lightning at you!
The bolt of electricity hits you! x2
You see here a +0 troll leather armour.
The electric eel shoots out a bolt of lightning at you!
The bolt of electricity misses you.
You see here a +0 troll leather armour.
The electric eel shoots out a bolt of lightning at you!
The bolt of electricity hits you!
* * * LOW HITPOINT WARNING * * *
The electric eel shoots out a bolt of lightning at you!
The bolt of electricity hits you!
* * * LOW HITPOINT WARNING * * *
The electric eel shoots out a bolt of lightning at you!
The bolt of electricity hits you!
You die...

.....).......~~.≈≈~~.~~≈≈≈≈≈≈~≈..
...............~≈~~~~~~≈≈~≈≈≈≈...
...............~..~~S.~~..≈~.....
..............~~..~..~.."...~....
.....................S...........
.)........##..###..........#..###
.)......##.#.####...#.##......#
###.#.........##...##.##.....##
###...........##@..#........##
.##.......................>..#
....#.#).............##))....#
#.....#)##..........####..#.##
##....)).##..##[...##.)'..###
.##......#.........##..').#
.##....).<..##..)...####)##
'#...........#....)..##..#
....##...................#


You could see 2 electric eels.

Vanquished Creatures
  A sky beast (D:7)
  A wolf (D:8)
  A centaur (D:8)
  2 necrophages
  A bullfrog (D:7)
  5 gnoll sergeants
  3 water moccasin zombies (Ossuary)
  2 scorpions
  A vampire bat (D:6)
  An electric eel (D:8)
  A howler monkey (D:6)
  5 hounds
  A jelly (D:5)
  5 gnoll boudas
  2 iguanas
  2 orc wizards
  2 mummies (Ossuary)
  Robin (D:3)
  32 gnolls
  8 adders
  2 white imps
  An ufetubus (D:5)
  7 adder zombies (Ossuary)
  2 worms
  A dart slug (D:1)
  17 orcs
  8 ball pythons
  4 endoplasms
  3 giant cockroaches
  12 hobgoblins
  3 jackals (D:8)
  9 kobolds
  A quokka (D:4)
  15 bats
  7 frilled lizards
  2 gnoll zombies (Ossuary)
  13 goblins
  5 hobgoblin zombies (Ossuary)
  4 kobold zombies (Ossuary)
  7 orc zombies (Ossuary)
  4 rats
204 creatures vanquished.

Vanquished Creatures (collateral kills)
  A troll (D:8)
  2 hounds (D:8)
3 creatures vanquished.

Vanquished Creatures (others)
  3 plants (D:4)
3 creatures vanquished.

Grand Total: 210 creatures vanquished

Notes
Turn   | Place    | Note
-------+----------+-------------------------------------------
     0 | D:1      | ytrimaz the Octopode Transmuter began the quest for the
                  | Orb.
     0 | D:1      | Reached XP level 1. HP: 13/13 MP: 3/3
   278 | D:1      | Reached XP level 2. HP: 16/18 MP: 3/5
   669 | D:1      | Found Maunall's One-of-a-Kind Rings.
  1107 | D:1      | Learned a level 2 spell: Wereblood
  1535 | D:2      | You fall into a shaft and drop 1 floor!
  1563 | D:3      | Reached XP level 3. HP: 22/23 MP: 4/6
  1749 | D:2      | Got the Commentary on the Congregation
  2020 | D:2      | Learned a level 3 spell: Spider Form
  2569 | D:2      | Reached skill level 1 in Poison Magic
  2569 | D:2      | Reached XP level 4. HP: 25/28 MP: 5/7
  3054 | D:3      | Noticed Robin
  3073 | D:3      | Killed Robin
  3459 | D:3      | Found a transporter.
  3461 | D:3      | Noticed pigah's ghost (amateur OpAE)
  3461 | D:3      | Noticed an ogre
  3502 | D:3      | Found a stormy altar of Qazlal.
  3734 | D:3      | Reached XP level 5. HP: 16/33 MP: 4/8
  3933 | D:3      | Found a hide-covered altar of Uskayaw.
  3947 | D:3      | Found a shimmering altar of Xom.
  3951 | D:3      | Found an opulent altar of Gozag.
  4260 | D:4      | Found a hazy altar of Hepliaklqana.
  4481 | D:4      | Found a burning altar of Makhleb.
  4496 | D:4      | Reached XP level 6. HP: 23/38 MP: 7/10
  4574 | D:4      | Identified the amulet "Widej" {Will+++ Regen+ Str-2 Int+5}
  4602 | D:3      | Learned a level 4 spell: Ice Form
  4835 | D:3      | Gained mutation: Your muscles are strong. (Str +4, Int/Dex
                  | -1) [potion of mutation]
  4835 | D:3      | Gained mutation: Potions are less effective at restoring
                  | your health. [potion of mutation]
  4835 | D:3      | Gained mutation: You occasionally lose the ability to drink
                  | potions when taking damage. [potion of mutation]
  5023 | D:4      | Found a bloodstained altar of Trog.
  5331 | D:4      | Lost mutation: Your muscles are strong. (Str +4, Int/Dex
                  | -1) [potion of mutation]
  5331 | D:4      | Lost mutation: Potions are less effective at restoring your
                  | health. [potion of mutation]
  5331 | D:4      | Lost mutation: You occasionally lose the ability to drink
                  | potions when taking damage. [potion of mutation]
  5331 | D:4      | Gained mutation: Your body sometimes deteriorates upon
                  | taking damage. [potion of mutation]
  5331 | D:4      | Gained mutation: You expend magic power (3 MP) to
                  | strengthen your wands. [potion of mutation]
  5332 | D:4      | Lost mutation: You expend magic power (3 MP) to strengthen
                  | your wands. [potion of mutation]
  5332 | D:4      | Lost mutation: Your body sometimes deteriorates upon taking
                  | damage. [potion of mutation]
  5332 | D:4      | Gained mutation: You are strong-willed. (Will+) [potion of
                  | mutation]
  5332 | D:4      | Gained mutation: You are partially covered in iridescent
                  | scales. (AC +2) [potion of mutation]
  5511 | D:4      | HP: 2/45 [gnoll sergeant/+2 trident of freezing (8)]
  5965 | D:4      | Reached skill level 1 in Ice Magic
  5965 | D:4      | Reached XP level 7. HP: 18/43 MP: 9/12
  6031 | D:5      | Entered Level 5 of the Dungeon
  6037 | D:5      | Found a sand-covered staircase.
  6068 | Ossuary  | Entered an ossuary
  6909 | D:5      | Reached XP level 8. HP: 48/48 MP: 9/14
  7257 | D:6      | Reached skill level 5 in Transmutations
  7436 | D:6      | Found a runed translucent door.
  7437 | D:6      | Noticed Crazy Yiuf
  7471 | D:6      | Noticed Maggie
  7566 | D:6      | Reached skill level 5 in Spellcasting
  7661 | D:6      | Found a sparkling altar of Nemelex Xobeh.
  7698 | D:6      | Found an ancient bone altar of Kikubaaqudgha.
  8294 | D:7      | Found a staircase to the Ecumenical Temple.
  8679 | D:7      | Found a glowing silver altar of Zin.
  8896 | Temple   | Entered the Ecumenical Temple
  9431 | D:8      | Found a staircase to the Lair.
  9432 | D:8      | Noticed a troll
  9449 | D:8      | Reached XP level 9. HP: 43/53 MP: 13/18
  9453 | D:8      | Killed a troll
 10071 | D:8      | Killed from afar by an electric eel

Illustrated notes

Levels and vault maps discovered:
D:1:      erik_arrival_blinker_ship, layout_basic, nicolae_shop_unique_rings,
          minmay_pentomino_w2
D:2:      layout_basic
D:3:      wad_crossroads, layout_rooms, amcnicky_altar_gilded,
          grunt_temple_overflow_diamond, gammafunk_ghost_smash, uniq_robin
D:4:      layout_basic, mainiacjoe_overflow_surrounded_room,
          nicolae_hepliaklqana_hazy_memory, trog_three_pillars_becter,
          serial_curves, eino_curves_01, eino_curves_03
D:5:      layout_basic, enter_ossuary_1
D:6:      layout_rooms, nicolae_overflow_hidden_temple, nemelex_altar_shiori,
          nicolae_zen_rock_garden, roderic_batcave, minmay_misc_feat_plants,
          uniq_maggie, uniq_crazy_yiuf_cottage
D:7:      layout_loops_corners, mainiacjoe_overflow_alcove_1,
          minmay_temple_entry_offerings
D:8:      layout_cave_pools, erik_lair_island, serial_gnoll_camp,
          gnoll_camp_huts_basic, gnoll_camp_mini_hut, gnoll_camp_mini_hut,
          gnoll_camp_mini_house, gnoll_camp_mini_hut, corexii_corridor_pit
Temple:   minmay_temple_curvy_loop

Skill      XL: |  1  2  3  4  5  6  7  8  9 |
---------------+----------------------------+-----
Unarmed Combat | 4 |  4.4
Poison Magic   | 1 2 3 4 |  4.0
Transmutations | 3 4 6 7 |  7.8
Spellcasting   | 3 4 6 7 |  7.2
Ice Magic      | 1 3 4 |  4.0
Fighting       | |  1.0
Dodging        | |  2.0

Action                   |  1- 3 |  4- 6 |  7- 9 || total
-------------------------+-------+-------+-------++-------
Melee: Unarmed           |    75 |   153 |   312 ||   540
       Kick              |    17 |    12 |       ||    29
       Constrict         |    21 |    16 |     4 ||    41
       Tentacles         |     9 |     7 |     8 ||    24
       Punch             |     1 |     7 |       ||     8
 Cast: Beastly Appendage |    26 |    12 |     1 ||    39
       Spider Form       |       |     9 |     7 ||    16
       Wereblood         |       |     3 |     9 ||    12
       Ice Form          |       |     3 |    27 ||    30
Evoke: Wand              |       |       |     2 ||     2
  Use: Scroll            |     4 |     4 |     5 ||    13
       Potion            |       |    16 |     1 ||    17
 Stab: Sleeping          |     7 |     3 |     2 ||    12
       Invisible         |       |     1 |       ||     1
Armor: Skin              |     6 |    27 |   119 ||   152
Dodge: Dodged            |    60 |    89 |   198 ||   347
Block: Other             |       |     8 |       ||     8

Table legend: (Time is in decaauts)
 A = Elapsed time spent in this place.
 B = Non-inter-level travel time spent in this place.
 C = Inter-level travel time spent in this place.
 D = Time resting spent in this place.
 E = Time spent auto-exploring this place.
 F = Levels seen in this place.
 G = Mean time per level.
                   A        B        C        D        E       F      G
               +--------+--------+--------+--------+--------+-----+--------+
         Total |   9972 |   9683 |    289 |   1293 |   6539 |  10 |  997.2 |
       Dungeon |   9517 |   9250 |    267 |   1289 |   6353 |   8 | 1189.6 |
        Temple |    213 |    191 |     22 |      0 |    185 |   1 |  213.0 |
       Ossuary |    241 |    241 |      0 |      4 |      1 |   1 |  241.0 |
               +--------+--------+--------+--------+--------+-----+--------+

Top non-repeatable levels by time:
     D:4: 1604 daAuts
     D:3: 1582 daAuts
     D:1: 1502 daAuts
     D:2: 1268 daAuts
     D:7: 1063 daAuts
     D:5: 962 daAuts
     D:8: 879 daAuts
     D:6: 655 daAuts
 Ossuary: 241 daAuts
  Temple: 213 daAuts
